[Event "ICC tourney 2941 (30 10)"]
[Site "Internet Chess Club"]
[Date "2022.06.18"]
[Round "3"]
[White "GRIFFIN, MILES NATHANIEL:Vectarious"]
[Black "Berkshire, Ryan Irvin:RyanBerkshireW"]
[Result "1-0"]
[ICCResult "Black resigns"]
[WhiteElo "1648"]
[BlackElo "1573"]
[Opening "Ruy Lopez: Berlin defense"]
[ECO "C65"]
[NIC "RL.07"]
[Time "16:02:27"]
[PlyCount "59"]
[TimeControl "1800+10"]

1. e4 e5 2. Nf3 Nc6 3. Bb5 Nf6 4. Qe2 Nd4 5. Nxd4 exd4 6. d3 c6 7. Bc4 Be7
8. e5 Nd5 9. Bxd5 cxd5 10. Qg4 g6 11. Qxd4 Qa5+ 12. Bd2 Qb5 13. O-O Qc6 14.
Nc3 f6 15. exf6 Bxf6 16. Rae1+ Kd8 17. Bg5 Rf8 18. Bxf6+ Qxf6 19. Qxd5 d6
20. Nb5 Kd7 21. Re3 a6 22. Rf3 Qe7 23. Rxf8 Qxf8 24. Na3 Kc7 25. Nc4 Bd7 26.
Re1 Re8 27. Rxe8 Bxe8 28. Qa5+ Kb8 29. Qd8+ Ka7 30. Nxd6 {Black resigns} 1-0

[Event "ICC tourney 2941 (30 10)"]
[Site "Internet Chess Club"]
[Date "2022.06.18"]
[Round "3"]
[White "SIEGEL, MARC SETH:DEEEFENDER"]
[Black "Anthony, Joseph:ajk170378"]
[Result "1-0"]
[ICCResult "Black checkmated"]
[WhiteElo "1627"]
[BlackElo "1534"]
[Opening "French: advance, Paulsen attack"]
[ECO "B40"]
[NIC "SI.43"]
[Time "16:02:30"]
[PlyCount "73"]
[TimeControl "1800+10"]

1. e4 c5 2. Nf3 e6 3. c3 d5 4. e5 Nc6 5. d4 Qb6 6. a3 Nge7 7. b4 cxd4 8.
cxd4 Nf5 9. Bb2 Be7 10. Bd3 a5 11. Bxf5 exf5 12. Nc3 Be6 13. b5 Na7 14. O-O
O-O 15. Qd3 Rac8 16. a4 Rc4 17. Ne2 Rfc8 18. Nd2 R4c7 19. Ba3 Bxa3 20. Rxa3
Rc2 21. Rb1 R8c7 22. Nc3 R2xc3 23. Rxc3 Re7 24. Qc2 Qxd4 25. b6 Nc6 26. Nf3
Qg4 27. Rxc6 bxc6 28. b7 Rxb7 29. Rxb7 h6 30. Rb8+ Kh7 31. Qxc6 Qe4 32. h3
f4 33. Qe8 Kg6 34. Qh8 d4 35. Rg8 d3 36. Rxg7+ Kh5 37. Rg5# {Black
checkmated} 1-0

[Event "ICC tourney 2941 (30 10)"]
[Site "Internet Chess Club"]
[Date "2022.06.18"]
[Round "3"]
[White "WANG, ALAN:alanwangmd"]
[Black "Relan, Mihir:mihirrelan15"]
[Result "0-1"]
[ICCResult "White resigns"]
[WhiteElo "1217"]
[BlackElo "1484"]
[Opening "Queen's pawn game"]
[ECO "A45"]
[NIC "QP.07"]
[Time "16:02:26"]
[PlyCount "74"]
[TimeControl "1800+10"]

1. d4 Nf6 2. Nc3 e6 3. Bf4 d5 4. e3 Bd6 5. Bd3 Bxf4 6. exf4 Nbd7 7. h3 c5 8.
dxc5 Nxc5 9. Nf3 Qc7 10. Nb5 Qxf4 11. g3 Qb8 12. Qe2 O-O 13. O-O-O a6 14.
Nc3 b5 15. g4 b4 16. Nb1 Nxd3+ 17. Qxd3 Bd7 18. Rde1 Rc8 19. Nbd2 Bb5 20.
Qe3 Qc7 21. Nd4 a5 22. Kb1 Ba4 23. b3 Be8 24. g5 Nd7 25. h4 e5 26. Nb5 Qxc2+
27. Ka1 d4 28. Qe2 a4 29. Rc1 Qg6 30. Rxc8 Rxc8 31. h5 Qa6 32. h6 g6 33.
bxa4 Qxa4 34. Nd6 Rc2 35. Qc4 Rxc4 36. N2xc4 b3 37. a3 Nb6 {White resigns}
0-1

[Event "ICC tourney 2941 (30 10)"]
[Site "Internet Chess Club"]
[Date "2022.06.18"]
[Round "3"]
[White "LEONG, GEE:geeleong"]
[Black "BAI, JEFFREY:Jeffchess"]
[Result "1-0"]
[ICCResult "Black checkmated"]
[WhiteElo "1697"]
[BlackElo "1254"]
[Opening "Queen's pawn"]
[ECO "A40"]
[NIC "QO.17"]
[Time "16:09:09"]
[PlyCount "139"]
[TimeControl "1800+10"]

1. d4 e6 2. e3 d5 3. Nf3 c5 4. b3 Bd7 5. Bb2 a5 6. Nbd2 Nf6 7. Bd3 Nc6 8. a3
cxd4 9. exd4 h6 10. O-O Rc8 11. Qe2 Be7 12. Rac1 Qb6 13. Kh1 O-O 14. c3 a4
15. b4 Na5 16. Ne5 Be8 17. Rc2 Nc6 18. Ndf3 Bd6 19. c4 dxc4 20. Nxc4 Qd8 21.
Rfc1 Bd7 22. Nxd6 Rb8 23. Ne4 Nxe4 24. Qxe4 f5 25. Qe2 Ne7 26. Bc4 Nd5 27.
Bxd5 exd5 28. Ne5 Re8 29. Qh5 Be6 30. Rc7 Qf6 31. Qg6 Qf8 32. R1c3 Rbc8 33.
Bc1 Qf6 34. Rxc8 Qxg6 35. Nxg6 Bxc8 36. Rxc8 Rxc8 37. Ne7+ Kf7 38. Nxc8 Ke6
39. h4 Kd7 40. Nb6+ Kc6 41. Nxa4 Kb5 42. Nc5 b6 43. Ne6 Kc4 44. Nxg7 Kxd4
45. Nxf5+ Ke4 46. Nxh6 d4 47. Ng4 Kd3 48. h5 Kc2 49. Bg5 d3 50. h6 d2 51.
Bxd2 Kxd2 52. h7 Kc3 53. h8=Q+ Kb3 54. Qd4 b5 55. Qa1 Ka4 56. f4 Kb3 57. Ne5
Ka4 58. Nd7 Kb3 59. f5 Kc4 60. f6 Kd5 61. f7 Kc6 62. Ne5+ Kb6 63. f8=Q Ka7
64. g4 Kb6 65. g5 Ka7 66. g6 Kb7 67. g7 Ka7 68. g8=Q Ka6 69. Qd6+ Kb7 70.
Qgb8# {Black checkmated} 1-0

[Event "ICC tourney 2941 (30 10)"]
[Site "Internet Chess Club"]
[Date "2022.06.18"]
[Round "3"]
[White "LaRosa, Peyton Stevenson:MarchManetee"]
[Black "LIN, LEIA:K05-17110828"]
[Result "1-0"]
[ICCResult "Black checkmated"]
[WhiteElo "1219"]
[BlackElo "1268"]
[Opening "Queen's pawn: London system"]
[ECO "A45"]
[NIC "QP.05"]
[Time "16:02:31"]
[PlyCount "91"]
[TimeControl "1800+10"]

1. d4 Nf6 2. Bf4 e6 3. Nf3 d5 4. e3 c5 5. c3 Nc6 6. Nbd2 Be7 7. Bd3 O-O 8.
O-O c4 9. Bc2 Bd7 10. h3 Rc8 11. b3 cxb3 12. axb3 Na5 13. c4 dxc4 14. bxc4
Nxc4 15. Nxc4 Rxc4 16. Rxa7 Qb6 17. Ra1 Rfc8 18. Bd3 Rc3 19. Qd2 Bb4 20.
Rfb1 Rc1+ 21. Qxc1 Rxc1+ 22. Rxc1 Ne8 23. Ne5 Bb5 24. Rcb1 Bxd3 25. Nxd3 Qc6
26. Nxb4 Qd7 27. Nd3 h6 28. Ra7 Nf6 29. Rbxb7 Qd5 30. Rxf7 Nh5 31. Be5 Qe4
32. Nc5 Qb1+ 33. Kh2 Qg6 34. Bxg7 Qxf7 35. Rxf7 Kxf7 36. Bxh6 Nf6 37. Bg5
Ne4 38. Nxe4 e5 39. dxe5 Kg6 40. f4 Kf5 41. Nd6+ Kg6 42. e6 Kh7 43. e7 Kg7
44. e8=Q Kh7 45. Qf7+ Kh8 46. Bf6# {Black checkmated} 1-0

[Event "ICC tourney 2941 (30 10)"]
[Site "Internet Chess Club"]
[Date "2022.06.18"]
[Round "3"]
[White "BRUDNO, STEPHEN:StevChess01"]
[Black "CUDMORE, B ANDREW:rootbeerplus200"]
[Result "1-0"]
[ICCResult "Black resigns"]
[WhiteElo "1532"]
[BlackElo "1565"]
[Opening "Dutch"]
[ECO "A80"]
[NIC "HD.12"]
[Time "16:02:32"]
[PlyCount "103"]
[TimeControl "1800+10"]

1. d4 f5 2. Nf3 Nf6 3. c4 e6 4. e3 Be7 5. Nc3 O-O 6. Be2 d6 7. O-O Qe8 8.
Qc2 a6 9. e4 Nc6 10. exf5 exf5 11. Bf4 Bd8 12. Rae1 h6 13. a3 Qf7 14. d5 Ne7
15. Nd4 Ne4 16. Bc1 Nxc3 17. Qxc3 c5 18. dxc6 bxc6 19. Bf3 d5 20. Nxc6 Qf6
21. Nxe7+ Bxe7 22. Bxd5+ Kh8 23. Qxf6 Bxf6 24. Bxa8 Bd7 25. Bd5 a5 26. b4
axb4 27. axb4 Bc3 28. Re7 Bc8 29. Ba3 f4 30. Rc1 Bd4 31. Rd1 Bf6 32. Ra7 Bg4
33. f3 Bh5 34. Ra8 Rxa8 35. Bxa8 Be8 36. Be4 Ba4 37. Rd2 g5 38. Rd6 Kg7 39.
b5 Bb3 40. Rd7+ Kh8 41. Bf8 Bxc4 42. b6 Bb5 43. Rh7+ Kg8 44. Bxh6 Bd4+ 45.
Kh1 Bc6 46. Rc7 Bxe4 47. fxe4 Bxb6 48. Rb7 Bd4 49. Bxg5 Be5 50. Kg1 Kf8 51.
Kf2 Ke8 52. Kf3 {Black resigns} 1-0

[Event "ICC tourney 2941 (30 10)"]
[Site "Internet Chess Club"]
[Date "2022.06.18"]
[Round "3"]
[White "Dungi, Santosh:santoshroopak"]
[Black "SKARIAH, ANUSHKA ELIZABETH:kskariah"]
[Result "1-0"]
[ICCResult "Black checkmated"]
[WhiteElo "1691"]
[BlackElo "1559"]
[Opening "French: Steinitz, Boleslavsky variation"]
[ECO "C11"]
[NIC "FR.04"]
[Time "16:02:24"]
[PlyCount "95"]
[TimeControl "1800+10"]

1. e4 e6 2. d4 d5 3. Nc3 Nf6 4. e5 Nfd7 5. f4 c5 6. Nf3 Nc6 7. Be3 Qb6 8. a3
a5 9. dxc5 Bxc5 10. Na4 Qa7 11. Nxc5 Nxc5 12. Bb5 Bd7 13. O-O b6 14. c4 dxc4
15. Qd6 Ne4 16. Qd1 O-O 17. Qc2 f5 18. exf6 Nxf6 19. Qxc4 Rac8 20. Qe2 Nd5
21. Ng5 h6 22. Ne4 Qc7 23. Qd2 Nce7 24. Bxd7 Qxd7 25. Bd4 Nf5 26. Be5 Rfd8
27. Rac1 Nfe3 28. Rfe1 Rc4 29. Rxe3 Nxe3 30. Qxe3 Rxc1+ 31. Qxc1 Qd3 32. Nc3
Rc8 33. Qe1 Qc4 34. Qg3 Qc5+ 35. Qf2 Qc6 36. Qd4 Qb7 37. h3 b5 38. Ne4 Rc2
39. Qd3 Rc8 40. Kh2 b4 41. axb4 Qxb4 42. Qd7 Qf8 43. Qxe6+ Kh8 44. Qxh6+ Kg8
45. Qe6+ Kh8 46. Ng5 Re8 47. Qh6+ Kg8 48. Qh7# {Black checkmated} 1-0

[Event "ICC tourney 2941 (30 10)"]
[Site "Internet Chess Club"]
[Date "2022.06.18"]
[Round "3"]
[White "SAPRU, AGASTYA:auggie29"]
[Black "PEREZ GONZALEZ, DAVID ALBERTO:Davidorcinus"]
[Result "0-1"]
[ICCResult "White checkmated"]
[WhiteElo "1518"]
[BlackElo "1650"]
[Opening "Dutch"]
[ECO "A80"]
[NIC "HD.12"]
[Time "16:02:25"]
[PlyCount "56"]
[TimeControl "1800+10"]

1. d4 f5 2. Bf4 Nf6 3. Nf3 d6 4. e3 e6 5. c4 Be7 6. Nc3 Nc6 7. Bd3 O-O 8.
O-O Qe8 9. Re1 Nh5 10. Bg3 Nxg3 11. hxg3 e5 12. dxe5 dxe5 13. e4 f4 14. gxf4
exf4 15. Nd5 Bd8 16. Qd2 Bg4 17. Nh2 Ne5 18. Nxg4 Nxg4 19. Be2 Ne5 20. Nxf4
Bg5 21. Qd5+ Kh8 22. Ne6 Bf4 23. Nxc7 Qe7 24. Nxa8 Qh4 25. Bd3 Bh2+ 26. Kh1
Bg3+ 27. Kg1 Qh2+ 28. Kf1 Rxf2# {White checkmated} 0-1

[Event "ICC tourney 2941 (30 10)"]
[Site "Internet Chess Club"]
[Date "2022.06.18"]
[Round "3"]
[White "HAMLETT, JAMES MORRISON:Hamlett144"]
[Black "WU, DARREN:chessboy111"]
[Result "0-1"]
[ICCResult "White resigns"]
[WhiteElo "1249"]
[BlackElo "1173"]
[Opening "Evans gambit"]
[ECO "C52"]
[NIC "IG.05"]
[Time "16:02:36"]
[PlyCount "99"]
[TimeControl "1800+10"]

1. e4 e5 2. Nf3 Nc6 3. Bc4 Bc5 4. b4 Bxb4 5. c3 Ba5 6. Qb3 Qe7 7. O-O Bb6 8.
Qb2 Nf6 9. Re1 O-O 10. Bf1 Qc5 11. d4 exd4 12. cxd4 Nxd4 13. Be3 Nxf3+ 14.
gxf3 Qc6 15. Bb5 Qe6 16. e5 Nd5 17. Bc4 Qg6+ 18. Kh1 Nxe3 19. fxe3 Re8 20.
Nd2 d6 21. Rg1 Qh6 22. Rxg7+ Kxg7 23. e6+ f6 24. Rg1+ Kh8 25. Ne4 Rf8 26. e7
Bf5 27. exf8=Q+ Rxf8 28. Nxf6 Qxe3 29. Ng4+ Qd4 30. Qxd4+ Bxd4 31. Rg2 Re8
32. h4 Re1+ 33. Kh2 Re8 34. Nh6 Bg6 35. Bf7 Be5+ 36. Kh3 Rf8 37. Bd5 c6 38.
Be4 Bxe4 39. fxe4 Bg7 40. Nf5 Be5 41. Nh6 b5 42. Kg4 Rf6 43. Kh5 Rg6 44. Rf2
Rf6 45. Rg2 Rf8 46. Nf5 a5 47. Ne7 c5 48. Nd5 b4 49. Rg5 a4 50. Rg2
{White resigns}
0-1

[Event "ICC tourney 2941 (30 10)"]
[Site "Internet Chess Club"]
[Date "2022.06.18"]
[Round "3"]
[White "LOPEZ, FRANCISCO JAVIER:steinutz"]
[Black "JIMENEZ, LUIS A:eltuna"]
[Result "0-1"]
[ICCResult "White resigns"]
[WhiteElo "1621"]
[BlackElo "1433"]
[Opening "Queen's bishop game"]
[ECO "D00"]
[NIC "QP.08"]
[Time "16:02:25"]
[PlyCount "76"]
[TimeControl "1800+10"]

1. d4 d5 2. Bf4 Nf6 3. Nf3 e6 4. e3 Bd6 5. Bg3 O-O 6. Bd3 c5 7. c3 Qc7 8.
Nbd2 Nbd7 9. Qe2 e5 10. dxe5 Nxe5 11. Nxe5 Bxe5 12. Nf3 Bd6 13. O-O-O a6 14.
Kb1 b5 15. Bc2 Bb7 16. Bh4 Be7 17. Bg3 Qb6 18. Nh4 Rfd8 19. Nf5 Bf8 20. Be5
g6 21. Nh4 Bg7 22. Nf3 a5 23. Rhg1 b4 24. g4 Ne4 25. c4 a4 26. cxd5 Rxd5 27.
Rxd5 Bxd5 28. Rd1 Bc6 29. Bxg7 Kxg7 30. Qc4 Nxf2 31. Rf1 Bb5 32. Qf4 Bxf1
33. g5 Bd3 34. Bxd3 Nxd3 35. Qe4 Rd8 36. h4 b3 37. axb3 Qxb3 38. Qe5+ Nxe5
{White resigns}
0-1

[Event "ICC tourney 2941 (30 10)"]
[Site "Internet Chess Club"]
[Date "2022.06.18"]
[Round "3"]
[White "Mason, Mike W:MikeWMason"]
[Black "MOHAMMAD, SRUSH:Bruv"]
[Result "1-0"]
[ICCResult "Black checkmated"]
[WhiteElo "1555"]
[BlackElo "1418"]
[Opening "Giuoco Piano"]
[ECO "C50"]
[NIC "IG.02"]
[Time "16:02:35"]
[PlyCount "149"]
[TimeControl "1800+10"]

1. e4 e5 2. Nf3 Nc6 3. Bc4 Bc5 4. d4 Bxd4 5. Nxd4 Nxd4 6. Be3 Nc6 7. Qg4 Qf6
8. Nc3 d5 9. Qg3 dxc4 10. Nd5 Qg6 11. Nxc7+ Kd8 12. Nxa8 Qxg3 13. O-O-O+ Nd4
14. hxg3 Bd7 15. Bxd4 exd4 16. Rxd4 Ke7 17. Rhd1 Bc6 18. Rd8 Bxe4 19. R1d7+
Kf6 20. Nc7 Bxg2 21. Nd5+ Bxd5 22. Rxd5 g6 23. f4 Kg7 24. Rc5 h5 25. Rcc8 c3
26. bxc3 f6 27. Kd2 g5 28. f5 h4 29. gxh4 gxh4 30. Rc7+ Kh6 31. Rd3 Kg5 32.
Rh3 Kg4 33. Rh1 Kg3 34. Rg7+ Kf4 35. Ke2 Kxf5 36. Kf3 Ke5 37. Rxb7 h3 38.
Rxa7 Rh4 39. Ra5+ Ke6 40. Kg3 Rc4 41. Ra3 Nh6 42. Rxh3 Nf5+ 43. Kf3 Nh4+ 44.
Kg3 Nf5+ 45. Kf2 Nd6 46. Ra6 Ke5 47. Ra5+ Ke6 48. Re3+ Ne4+ 49. Kf3 f5 50.
Ra6+ Ke5 51. Rb6 Ra4 52. Rb5+ Kf6 53. Rb4 Rxa2 54. Rbxe4 fxe4+ 55. Kxe4 Rxc2
56. Kd5 Rh2 57. c4 Rd2+ 58. Kc6 Rc2 59. c5 Rc1 60. Kd6 Rc2 61. Rf3+ Kg5 62.
c6 Rd2+ 63. Kc7 Rc2 64. Kd7 Kg4 65. Rd3 Kf4 66. c7 Ke4 67. Rd1 Rf2 68. c8=Q
Rf7+ 69. Ke6 Rf2 70. Qc4+ Kf3 71. Rd3+ Kg2 72. Qg4+ Kh1 73. Qh3+ Kg1 74.
Rd1+ Rf1 75. Rxf1# {Black checkmated} 1-0

[Event "ICC tourney 2941 (30 10)"]
[Site "Internet Chess Club"]
[Date "2022.06.18"]
[Round "4"]
[White "BAI, JEFFREY:Jeffchess"]
[Black "WANG, ALAN:alanwangmd"]
[Result "1-0"]
[ICCResult "Black resigns"]
[WhiteElo "1254"]
[BlackElo "1217"]
[Opening "Evans gambit"]
[ECO "C52"]
[NIC "IG.05"]
[Time "18:02:11"]
[PlyCount "23"]
[TimeControl "1800+10"]

1. e4 e5 2. Nf3 Nc6 3. Bc4 Bc5 4. b4 Bxb4 5. c3 Ba5 6. d4 exd4 7. O-O Nf6 8.
Ba3 d6 9. cxd4 Bd7 10. e5 dxe5 11. dxe5 Ne4 12. Qd5 {Black resigns} 1-0

[Event "ICC tourney 2941 (30 10)"]
[Site "Internet Chess Club"]
[Date "2022.06.18"]
[Round "4"]
[White "Dungi, Santosh:santoshroopak"]
[Black "SIEGEL, MARC SETH:DEEEFENDER"]
[Result "0-1"]
[ICCResult "White resigns"]
[WhiteElo "1691"]
[BlackElo "1627"]
[Opening "Bishop's opening: Berlin defense"]
[ECO "C24"]
[NIC "IG.04"]
[Time "18:02:13"]
[PlyCount "60"]
[TimeControl "1800+10"]

1. e4 e5 2. Bc4 Nf6 3. Qf3 Nc6 4. Ne2 d6 5. h3 Be6 6. Bb3 d5 7. Nbc3 dxe4 8.
Nxe4 Nxe4 9. Qxe4 f5 10. Qf3 Qd7 11. d3 O-O-O 12. Bg5 Re8 13. O-O f4 14. Qh5
h6 15. Bh4 Bc5 16. Nxf4 exf4 17. Qxc5 g5 18. Bxg5 hxg5 19. Qxg5 Bxb3 20.
axb3 Reg8 21. Qxg8+ Rxg8 22. Kh2 Qg7 23. Rg1 Qxb2 24. Rgc1 Nd4 25. Rab1 Qc3
26. Ra1 Qc6 27. f3 Rxg2+ 28. Kxg2 Qxf3+ 29. Kh2 Qg3+ 30. Kh1 Nf3 {White
resigns} 0-1

[Event "ICC tourney 2941 (30 10)"]
[Site "Internet Chess Club"]
[Date "2022.06.18"]
[Round "4"]
[White "CUDMORE, B ANDREW:rootbeerplus200"]
[Black "Anthony, Joseph:ajk170378"]
[Result "0-1"]
[ICCResult "White resigns"]
[WhiteElo "1565"]
[BlackElo "1534"]
[Opening "Sicilian: Grand Prix attack"]
[ECO "B21"]
[NIC "VO.07"]
[Time "18:02:17"]
[PlyCount "70"]
[TimeControl "1800+10"]

1. f4 c5 2. e4 d5 3. e5 Nc6 4. c3 Bf5 5. Nf3 e6 6. Be2 Be7 7. O-O Qb6 8. d3
Nh6 9. h3 O-O-O 10. Kh2 f6 11. exf6 gxf6 12. Nh4 Rhg8 13. Nxf5 Nxf5 14. Bg4
Ng7 15. Qe2 f5 16. Bf3 Bd6 17. Na3 Qc7 18. Bh5 Nxh5 19. Qxh5 Qg7 20. Qf3 a6
21. Bd2 h5 22. Rae1 e5 23. fxe5 Nxe5 24. Qxf5+ Kb8 25. Re2 Nf3+ 26. Kh1 Nh4
27. Qxd5 Qg3 28. Qxd6+ Rxd6 29. Bf4 Qxd3 30. Bxd6+ Qxd6 31. Rfe1 Qc6 32. Nc4
Nxg2 33. Ne5 Qd5 34. Nd7+ Qxd7 35. Rxg2 Qxh3+ {White resigns} 0-1

[Event "ICC tourney 2941 (30 10)"]
[Site "Internet Chess Club"]
[Date "2022.06.18"]
[Round "4"]
[White "Berkshire, Ryan Irvin:RyanBerkshireW"]
[Black "WU, DARREN:chessboy111"]
[Result "1-0"]
[ICCResult "Black checkmated"]
[WhiteElo "1573"]
[BlackElo "1173"]
[Opening "Giuoco Piano"]
[ECO "C54"]
[NIC "IG.02"]
[Time "18:02:11"]
[PlyCount "139"]
[TimeControl "1800+10"]

1. e4 e5 2. Nf3 Nc6 3. Bc4 Bc5 4. c3 Nf6 5. d4 exd4 6. cxd4 Bb4+ 7. Bd2
Bxd2+ 8. Nbxd2 d5 9. exd5 Nxd5 10. Qe2+ Be6 11. O-O O-O 12. Nb3 Re8 13. Qc2
Qf6 14. Rad1 Rad8 15. Nc5 Ndb4 16. Qb3 Bxc4 17. Qxc4 b6 18. Nd3 Nxd3 19.
Rxd3 Rd7 20. Rc1 Na5 21. Qa4 Red8 22. b4 Nb7 23. Qxa7 c5 24. Ne5 Rc7 25.
bxc5 bxc5 26. Rb1 Qe7 27. dxc5 Qxe5 28. Qxb7 Qe7 29. Rxd8+ Qxd8 30. Qd5 Qe8
31. h3 h6 32. Qd6 Rc8 33. c6 Qxc6 34. Qxc6 Rxc6 35. Ra1 Ra6 36. a4 Kf8 37.
Kf1 Ke7 38. Ke2 Kd6 39. Kd3 Kc5 40. Kc3 Ra5 41. Kb3 Kb6 42. Kb4 f5 43. Re1
Rd5 44. a5+ Ka6 45. Re6+ Kb7 46. Re7+ Ka6 47. Rxg7 Rb5+ 48. Kc4 Kxa5 49.
Ra7+ Kb6 50. Rb7+ Kxb7 51. Kxb5 Kc7 52. Kc5 Kd7 53. Kd5 Ke7 54. Ke5 Kf7 55.
Kxf5 Kg7 56. h4 Kf7 57. h5 Kg7 58. Ke6 Kh7 59. f4 Kg7 60. f5 Kg8 61. Ke7 Kh7
62. f6 Kg8 63. f7+ Kh7 64. g4 Kh8 65. f8=Q+ Kh7 66. Qf5+ Kh8 67. g5 hxg5 68.
Qxg5 Kh7 69. h6 Kh8 70. Qg7# {Black checkmated} 1-0

[Event "ICC tourney 2941 (30 10)"]
[Site "Internet Chess Club"]
[Date "2022.06.18"]
[Round "4"]
[White "MOHAMMAD, SRUSH:Bruv"]
[Black "SAPRU, AGASTYA:auggie29"]
[Result "1-0"]
[ICCResult "Black checkmated"]
[WhiteElo "1418"]
[BlackElo "1518"]
[Opening "Sicilian: Taimanov variation"]
[ECO "B45"]
[NIC "SI.39"]
[Time "18:02:14"]
[PlyCount "93"]
[TimeControl "1800+10"]

1. e4 c5 2. Nf3 Nc6 3. d4 cxd4 4. Nxd4 e6 5. Nc3 Bc5 6. Be3 Qb6 7. Na4 Qa5+
8. c3 Bxd4 9. Bxd4 Nxd4 10. Qxd4 e5 11. Qc4 d6 12. Qb5+ Qxb5 13. Bxb5+ Bd7
14. Bxd7+ Kxd7 15. c4 Nf6 16. Nc3 Rac8 17. b3 a6 18. a4 Rhd8 19. f3 Ke7 20.
O-O-O Nd7 21. Kb2 Nc5 22. a5 Ne6 23. Nd5+ Ke8 24. Nb6 Rc7 25. Rd5 Rc5 26.
Rhd1 Nd4 27. b4 Rxd5 28. exd5 f5 29. c5 Nb5 30. Rc1 Ke7 31. c6 bxc6 32. dxc6
Nc7 33. b5 axb5 34. a6 Rb8 35. Nd5+ Nxd5 36. c7 Rc8 37. a7 Nxc7 38. Rxc7+
Ke6 39. Rxc8 g5 40. a8=Q e4 41. Re8+ Kf6 42. Qd8+ Kg6 43. fxe4 Kh5 44. exf5
h6 45. Qxd6 b4 46. Qg6+ Kg4 47. Re4# {Black checkmated} 1-0

[Event "ICC tourney 2941 (30 10)"]
[Site "Internet Chess Club"]
[Date "2022.06.18"]
[Round "4"]
[White "Relan, Mihir:mihirrelan15"]
[Black "LOPEZ, FRANCISCO JAVIER:steinutz"]
[Result "0-1"]
[ICCResult "White forfeits on time"]
[WhiteElo "1484"]
[BlackElo "1621"]
[Opening "Scandinavian: Pytel-Wade variation"]
[ECO "B01"]
[NIC "SD.02"]
[Time "18:02:15"]
[PlyCount "64"]
[TimeControl "1800+10"]

1. e4 d5 2. exd5 Qxd5 3. Nc3 Qd6 4. d4 c6 5. Nf3 Nf6 6. Ne5 Nd5 7. Qf3 Be6
8. Ne4 Qd8 9. Ng5 Nf6 10. Nxe6 fxe6 11. c3 Nbd7 12. Bc4 Nxe5 13. dxe5 Nd5
14. O-O Qc7 15. Re1 O-O-O 16. a4 g6 17. a5 Bg7 18. Qf7 Rhg8 19. Qxe6+ Kb8
20. Be3 Nxe3 21. Rxe3 Rgf8 22. b4 a6 23. Re2 Rf5 24. Rae1 Bh6 25. Bb3 Bd2
26. Rd1 Bxc3 27. Rxd8+ Qxd8 28. g4 Rf4 29. h3 Bxb4 30. Ra2 Qd3 31. Kg2 Bc5
32. Qg8+ Ka7 {White forfeits on time} 0-1

[Event "ICC tourney 2941 (30 10)"]
[Site "Internet Chess Club"]
[Date "2022.06.18"]
[Round "4"]
[White "LIN, LEIA:K05-17110828"]
[Black "HAMLETT, JAMES MORRISON:Hamlett144"]
[Result "1-0"]
[ICCResult "Black checkmated"]
[WhiteElo "1268"]
[BlackElo "1249"]
[Opening "French: advance, Euwe variation"]
[ECO "C02"]
[NIC "FR.03"]
[Time "18:12:14"]
[PlyCount "71"]
[TimeControl "1800+10"]

1. e4 e6 2. d4 d5 3. e5 c5 4. c3 Nc6 5. Nf3 Bd7 6. Be3 cxd4 7. cxd4 Bb4+ 8.
Nbd2 Nge7 9. Be2 Nf5 10. O-O Nxe3 11. fxe3 g5 12. Ne1 O-O 13. Nd3 Be7 14.
Bh5 Be8 15. Qf3 Kh8 16. Nf2 f6 17. Bxe8 Qxe8 18. exf6 Rxf6 19. Qg4 Qg6 20.
Nf3 Rf7 21. Rad1 h5 22. Qg3 h4 23. Nxh4 Qh5 24. Nf3 Qg6 25. Nd3 Rh7 26. Nde5
Nxe5 27. Nxe5 Qh5 28. h3 Rf8 29. Qg4 Qh6 30. Rxf8+ Bxf8 31. Rf1 Be7 32. Nf7+
Rxf7 33. Rxf7 Bd6 34. Qf3 Qh4 35. Qf6+ Kg8 36. Qg7# {Black checkmated} 1-0

[Event "ICC tourney 2941 (30 10)"]
[Site "Internet Chess Club"]
[Date "2022.06.18"]
[Round "4"]
[White "PEREZ GONZALEZ, DAVID ALBERTO:Davidorcinus"]
[Black "BRUDNO, STEPHEN:StevChess01"]
[Result "0-1"]
[ICCResult "White forfeits on time"]
[WhiteElo "1650"]
[BlackElo "1532"]
[Opening "Sicilian: O'Kelly variation"]
[ECO "B28"]
[NIC "SI.43"]
[Time "18:02:13"]
[PlyCount "58"]
[TimeControl "1800+10"]

1. e4 c5 2. Nf3 a6 3. a4 Nc6 4. d4 cxd4 5. Nxd4 Nf6 6. Nc3 e5 7. Nxc6 bxc6
8. Bc4 Bb4 9. O-O O-O 10. Qe2 Re8 11. Bg5 h6 12. Bh4 d5 13. Bxf6 gxf6 14.
Bd3 d4 15. Na2 Bd6 16. Qh5 Kg7 17. Nc1 Be6 18. Ne2 Kh7 19. Ng3 Rg8 20. Nf5
Bf8 21. f4 Rg6 22. Rf3 c5 23. b3 Qd7 24. Rh3 Rc8 25. Bc4 Bxc4 26. bxc4 Rb8
27. fxe5 fxe5 28. Rf1 Rbb6 29. Nh4 Rgf6 {White forfeits on time} 0-1

[Event "ICC tourney 2941 (30 10)"]
[Site "Internet Chess Club"]
[Date "2022.06.18"]
[Round "4"]
[White "SKARIAH, ANUSHKA ELIZABETH:kskariah"]
[Black "LaRosa, Peyton Stevenson:MarchManetee"]
[Result "1-0"]
[ICCResult "Black checkmated"]
[WhiteElo "1559"]
[BlackElo "1219"]
[Opening "Robatsch (modern) defense"]
[ECO "B06"]
[NIC "KF.05"]
[Time "18:02:15"]
[PlyCount "127"]
[TimeControl "1800+10"]

1. e4 g6 2. d4 Bg7 3. Nf3 c5 4. c3 cxd4 5. cxd4 d6 6. Bc4 Nf6 7. Nc3 O-O 8.
O-O Bg4 9. Re1 Nc6 10. Bf4 Qb6 11. d5 Qxb2 12. dxc6 Qxc3 13. cxb7 Rab8 14.
Rc1 Bxf3 15. Qa4 Qb2 16. Rb1 Qc3 17. Re3 Nxe4 18. Rxc3 Nxc3 19. Qxa7 Nxb1
20. gxf3 Nc3 21. Bg5 Bf6 22. Bxf6 exf6 23. Bb3 Ne2+ 24. Kf1 Nf4 25. h4 Nd3
26. a4 Nc5 27. Bd5 Kg7 28. a5 Nxb7 29. Bxb7 d5 30. a6 d4 31. Qxd4 Rfd8 32.
Qf4 h5 33. Qe4 Rd1+ 34. Kg2 Rd7 35. f4 Rc7 36. f5 gxf5 37. Qxf5 Rcxb7 38.
axb7 Rxb7 39. Qxh5 Rb4 40. Qf3 Rb5 41. Qg4+ Kf8 42. Kh3 Rd5 43. Qf3 Rd6 44.
Qa3 Ke7 45. h5 Kd7 46. Qxd6+ Kxd6 47. h6 Ke7 48. h7 Kf8 49. h8=Q+ Ke7 50.
Kg4 Ke6 51. Kf4 Ke7 52. Kf5 Kd6 53. Qxf6+ Kd5 54. Qxf7+ Kd4 55. Qd7+ Kc5 56.
Ke5 Kc4 57. Qd6 Kc3 58. Qd5 Kc2 59. Qd4 Kc1 60. Qd3 Kb2 61. Kd4 Kc1 62. Qe2
Kb1 63. Kc3 Ka1 64. Qb2# {Black checkmated} 1-0

[Event "ICC tourney 2941 (30 10)"]
[Site "Internet Chess Club"]
[Date "2022.06.18"]
[Round "4"]
[White "SULTAN, BASHIR Cisse:muzikmixer"]
[Black "GRIFFIN, MILES NATHANIEL:Vectarious"]
[Result "1-0"]
[ICCResult "Black resigns"]
[WhiteElo "1545"]
[BlackElo "1648"]
[Opening "King's Indian: Petrosian system, Stein variation"]
[ECO "E92"]
[NIC "KI.17"]
[Time "18:02:18"]
[PlyCount "101"]
[TimeControl "1800+10"]

1. c4 Nf6 2. Nc3 g6 3. e4 d6 4. d4 Bg7 5. Nf3 O-O 6. Be2 e5 7. d5 a5 8. O-O
Na6 9. Bg5 h6 10. Be3 Ng4 11. Bd2 f5 12. g3 Nf6 13. Nh4 Kh7 14. exf5 gxf5
15. Bd3 e4 16. Bc2 Nc5 17. f3 Kg8 18. fxe4 Nfxe4 19. Nxe4 Nxe4 20. Be3 Qe8
21. Bd4 Bd7 22. Bxg7 Kxg7 23. Qd4+ Qe5 24. Qxe5+ dxe5 25. Bxe4 fxe4 26. Rfe1
Ra6 27. Rxe4 Rb6 28. b3 a4 29. Rxe5 Bh3 30. Re7+ Kg8 31. Rxc7 axb3 32. axb3
Rxb3 33. Ng6 Re8 34. Nf4 Bg4 35. Ne6 b5 36. Rg7+ Kh8 37. Rxg4 h5 38. Rh4
bxc4 39. Rxh5+ Kg8 40. Ra7 Rxe6 41. dxe6 c3 42. Rc5 Rb8 43. Rxc3 Kf8 44. e7+
Ke8 45. Ra2 Kxe7 46. Rf2 Ke6 47. Re3+ Kd5 48. Rd2+ Kc4 49. Kg2 Rf8 50. g4
Rc8 51. Rc2+ {Black resigns} 1-0